Map: 宿怨战场-天梯版

Players

INnoVation - Winner!

  • Race: Terran Terran
  • League: Diamond

Toodming

  • Race: Zerg Zerg
  • League: Gold

Event: WESG 2018 Grand Finals

VOD

Have the link to the VOD?

Description

Time

  • Played on: March 12, 2019, 2:34 a.m.
  • Length: 9:21

All games in this series

Show
View Real Time Build Order
Export as new Build Order

INnoVation Terran - Winner!

Build Orders: Gas First Reaper Expand, Banshee Rush 

Get SALT Encoding   

  12  0:00  SCV  
  13  0:12  SCV  
  14  0:17  Supply Depot  
  14  0:24  SCV  
  14  0:27  Refinery  
  15  0:38  SCV  
  16  0:44  Barracks  
  16  0:50  SCV  
  17  1:02  SCV  
  18  1:14  SCV  
  19  1:31  Reaper, Orbital Command  
  20  1:43  Command Center  
  20  1:54  Factory  
  20  1:57  SCV  
  21  2:05  Barracks Reactor  
  21  2:09  SCV  
  21  2:13  Supply Depot  
  22  2:17  Refinery  
  22  2:21  SCV  
  23  2:35  SCV  
  24  2:44  Starport  
  24  2:46  Hellion x2  
  24  2:47  SCV  
  29  2:55  Orbital Command  
  29  2:58  Barracks Tech Lab  
  29  3:00  SCV  
  30  3:11  Hellion x2  
  34  3:13  SCV  
  35  3:23  SCV  
  35  3:25  SCV  
  35  3:26  Viking  
  39  3:33  Supply Depot  
  39  3:37  SCV x2  
  39  3:39  Factory Tech Lab, Marine x2  
  43  3:42  Cloaking Field  
  43  3:49  SCV x2  
  43  3:55  Supply Depot  
  45  3:56  Banshee  
  45  4:02  Marine x2  
  50  4:03  SCV x2  
  50  4:09  Supply Depot  
  51  4:16  SCV x2  
  53  4:18  Siege Tank  
  53  4:19  Marine  
  53  4:20  Marine  
  58  4:29  SCV x2  
  60  4:33  Supply Depot  
  60  4:38  Command Center  
  60  4:41  Banshee  
  60  4:44  SCV x2  
  65  4:48  Marine x2  
  65  4:51  Supply Depot  
  67  4:57  SCV x2  
  69  5:06  Siege Tank  
  72  5:07  Marine x2  
  72  5:09  SCV  
  72  5:10  SCV  
  76  5:14  Refinery  
  76  5:15  Refinery  
  76  5:16  Barracks  
  76  5:18  Barracks, Supply Depot  
  74  5:23  Bunker  
  74  5:25  Marine x2  
  74  5:28  Banshee  
  79  5:33  SCV x2  
  81  5:41  Supply Depot  
  81  5:48  Siege Tank  
  81  5:49  Marine x2  
  85  5:50  SCV x2  
  85  5:51  Orbital Command  
  87  6:02  SCV x2  
  89  6:05  Engineering Bay x2, Barracks Tech Lab x2  
  89  6:07  Barracks x2  
  89  6:14  Marine x2, SCV x2  
  93  6:20  Supply Depot, Starport Reactor  
  93  6:26  Orbital Command, SCV  
  93  6:27  SCV  
  93  6:29  Stimpack  
  93  6:30  Marine x2, Combat Shield  
  93  6:32  Marine x2  
  99  6:33  Supply Depot  
  99  6:41  Terran Infantry Weapons Level 1  
  99  6:42  SCV x2  
  101  6:48  Marine x2  
  101  6:50  Marine x2  
  101  6:51  Refinery x2, Terran Infantry Armor Level 1  
  101  6:52  SCV  
  106  6:54  SCV  
  106  6:55  Barracks Reactor, SCV  
  106  6:58  Supply Depot  
  108  7:04  SCV  
  108  7:06  Marine x2, SCV  
  108  7:07  Barracks Reactor, SCV  
  108  7:08  Marine x2  
  115  7:13  Siege Tank  
  118  7:17  SCV  
  118  7:19  SCV x2  
  118  7:24  Marine x2  
  118  7:25  Marine x2  
  118  7:28  Medivac x2  
  123  7:30  SCV  
  123  7:32  Supply Depot  
  123  7:33  SCV  
  123  7:34  SCV, Command Center  
  126  7:40  Marine x2, Factory  
  126  7:42  Marine  
  129  7:46  SCV  
  129  7:47  Armory, SCV x2  
  132  7:52  Marine x2  
  132  7:53  Marine x2  
  132  7:55  Supply Depot  
  132  7:56  Supply Depot  
  132  7:58  Siege Tank  
  139  7:59  Medivac  
  139  8:02  Medivac  
  143  8:07  SCV x3  
  146  8:13  Marine  
  146  8:14  Marine x2  
  146  8:16  Marine x5  
  146  8:18  Supply Depot  
  146  8:19  Supply Depot  
  154  8:20  Concussive Shells, Supply Depot  
  154  8:25  Supply Depot  
  154  8:27  Factory Tech Lab  
  154  8:31  Marine x3  
  157  8:34  Marine  
  157  8:35  Marauder x2, Siege Tank  
  137  8:50  Marine x5  
  137  8:52  Marine  
  135  8:56  Marauder x2  
  140  9:04  SCV x3  
Show
View Real Time Build Order
Export as new Build Order

Toodming Zerg 

Build Orders: Hatch First 

Get SALT Encoding   

  12  0:01  Drone  
  13  0:12  Overlord  
  13  0:18  Drone  
  14  0:31  Drone x2  
  16  0:48  Hatchery  
  15  0:52  Drone  
  15  0:56  Drone  
  17  0:59  Drone  
  18  1:10  Extractor  
  17  1:14  Spawning Pool  
  17  1:17  Drone  
  17  1:20  Drone  
  18  1:27  Drone  
  19  1:39  Drone  
  20  1:49  Drone  
  21  2:00  Queen x2  
  25  2:01  Zergling x2  
  25  2:02  Zergling x2  
  27  2:15  Hatchery  
  27  2:18  Overlord  
  27  2:22  Drone  
  27  2:24  Drone  
  28  2:36  Queen  
  30  2:41  Drone x3  
  33  2:47  Overlord  
  33  2:51  Metabolic Boost  
  33  2:57  Drone x2  
  35  2:58  Drone  
  36  3:09  Drone x2  
  36  3:10  Drone x3  
  41  3:16  Queen  
  43  3:20  Overlord  
  43  3:24  Drone  
  44  3:32  Zergling x6  
  47  3:40  Overlord, Drone  
  48  3:42  Drone  
  48  3:46  Drone x2  
  48  3:47  Drone  
  52  3:50  Drone x3  
  55  3:58  Extractor  
  55  3:59  Extractor  
  53  4:03  Roach Warren  
  53  4:04  Overlord  
  53  4:05  Overlord  
  53  4:06  Drone  
  53  4:10  Overlord x2  
  53  4:16  Overlord x2  
  53  4:32  Drone x2  
  53  4:33  Spore Crawler  
  53  4:37  Zergling x6  
  56  4:48  Roach x9  
  74  4:55  Roach x3  
  80  5:04  Spore Crawler  
  74  5:15  Lair  
  74  5:16  Spore Crawler  
  74  5:21  Ravager  
  72  5:22  Zergling x2, Drone  
  72  5:23  Zergling x16  
  72  5:26  Ravager x2  
  84  5:31  Zergling x8  
  88  5:40  Ravager  
  88  5:41  Ravager  
  90  5:46  Drone  
  90  5:47  Drone x6  
  96  5:50  Drone  
  96  5:51  Drone  
  96  5:55  Drone x2  
  94  5:58  Overlord  
  94  6:01  Drone  
  94  6:02  Drone  
  90  6:08  Drone x3  
  90  6:10  Overlord  
  91  6:17  Queen  
  89  6:21  Overseer  
  89  6:26  Evolution Chamber x2  
  89  6:27  Baneling Nest, Drone x2  
  89  6:29  Drone  
  89  6:30  Drone  
  89  6:32  Drone  
  91  6:33  Drone  
  91  6:34  Drone  
  91  6:36  Drone  
  91  6:37  Drone  
  91  6:39  Drone  
  96  6:42  Drone x3  
  96  6:44  Drone  
  96  6:46  Drone x2  
  103  6:47  Drone  
  103  6:52  Zerg Ground Armor Level 1  
  103  6:53  Zerg Melee Weapons Level 1  
  103  6:56  Extractor  
  103  6:57  Overseer, Extractor  
  103  6:59  Queen  
  103  7:07  Overlord  
  103  7:12  Drone  
  103  7:13  Drone x2  
  101  7:26  Drone  
  101  7:27  Drone x13  
  113  7:44  Spore Crawler  
  111  7:47  Drone x3  
  111  7:48  Hatchery  
  111  7:49  Centrifical Hooks  
  111  7:51  Extractor  
  112  7:54  Infestation Pit  
  112  7:56  Hatchery  
  110  8:02  Overlord, Drone x5  
  110  8:03  Overlord  
  115  8:07  Zergling x2  
  115  8:08  Zergling x8  
  121  8:23  Zergling x18  
  130  8:27  Ravager x4, Baneling x9  
  130  8:28  Baneling x5  
  130  8:34  Zergling x10  
  133  8:48  Zergling x12  
  112  8:51  Zergling x2  
  112  8:53  Zergling x2  
  112  8:55  Zergling x6  
  100  8:57  Zergling x2  
  100  9:00  Zergling x2  
  95  9:16  Extractor  
Tags
 
Add a new tag
Caveats
  • Supply blocks, unpowered buildings, or Contaminate may cause inaccurate times.
  • Supply counts are checked every 10 seconds.